 Dungeon Crawl Stone Soup version 0.27-a0-1296-g8ece459b43 (console) character file.

Game seed: 9027437173023160942

172 Hector the Cutter (level 5, 0/31 HPs)
             Began as a Deep Elf Abyssal Knight on June 15, 2021.
             Was a Follower of Lugonu.
             Succumbed to a water moccasin's poison
             ... on level 3 of the Dungeon.
             The game lasted 00:06:01 (2721 turns).

Hector the Cutter (Deep Elf Abyssal Knight)         Turns: 2721, Time: 00:06:01

Health: 0/31       AC:  5    Str:  8 (9)  XL:     5   Next: 27%
Magic:  10/11      EV: 11    Int: 18      God:    Lugonu [*.....]
Gold:   91         SH:  0    Dex: 12 (14) Spells: 9/9 levels left

rFire    . . .     SeeInvis .   a - +2 short sword (holy)
rCold    . . .     Faith    .   (no shield)
rNeg     . . .     Spirit   .   s - +0 leather armour
rPois    .         Reflect  .   h - +0 helmet
rElec    .         Harm     .   e - +0 cloak
rCorr    .         Rampage  .   (no gloves)
Will     .....                  (no boots)
Stlth    +.........             (no amulet)
HPRegen  0.10/turn              (no ring)
MPRegen  0.12/turn              (no ring)

@: mighty, brilliant, lethally poisoned (0 -> -3), on berserk cooldown, slowed,
very slow
A: no striking features
a: Renounce Religion, Depart the Abyss


You were on level 3 of the Dungeon.
You worshipped Lugonu.
Lugonu was aware of your devotion.
You visited 1 branch of the dungeon, and saw 3 of its levels.
You visited the Abyss 1 time.

You collected 91 gold pieces.

Inventory:

Hand Weapons
 a - a +2 short sword of holy wrath (weapon)
 b - a +0 hunting sling of flaming
 f - a +1 short sword
Missiles
 d - 5 poisoned darts
 g - 50 stones
 q - 3 curare-tipped darts
Armour
 e - a +0 cloak (worn)
 h - a +0 helmet (worn)
 s - a +0 leather armour (worn)
Scrolls
 c - a scroll of magic mapping {unknown}
 j - a scroll of torment {unknown}
 l - 2 scrolls of noise {unknown}
 n - 2 scrolls of fear {unknown}
 o - a scroll of immolation {unknown}
 t - a scroll of enchant armour {unknown}
Potions
 p - a potion of magic {unknown}
 r - a potion of degeneration


   Skills:
 - Level 2.4 Fighting
 * Level 5.0 Short Blades
 - Level 0.7 Armour
 - Level 2.4 Dodging
 * Level 2.7 Spellcasting
 - Level 2.0 Invocations


You had 9 spell levels left.
You didn't know any spells.
Your spell library was empty.

Dungeon Overview and Level Annotations

Branches:
Dungeon (3/15)

Altars:


Message History

You feel sick.
The kobold hits you with a +0 short sword.
* * * LOW HITPOINT WARNING * * *
It was a potion of berserk rage.
A red film seems to cover your vision as you go berserk!
You feel yourself moving faster!
You feel mighty!
* * * LOW HITPOINT WARNING * * *
You feel very sick. The kobold hits you but does no damage.
You are too berserk!
You barely miss the kobold.
* * * LOW HITPOINT WARNING * * *
You feel sick. The kobold misses you.
You barely miss the kobold.
* * * LOW HITPOINT WARNING * * *
You feel sick.
You closely miss the kobold. The kobold barely misses you.
You puncture the kobold!
You kill the kobold!
Lugonu accepts your kill.
* * * LOW HITPOINT WARNING * * *
You feel sick.
Unknown command.
You are mighty.
You are brilliant.
You are possessed by a berserker rage.
You are lethally poisoned (5 -> 0).
Your movement speed is very quick.
Your attack delay is about 0.5.
Your base attributes are Str 9, Int 18, Dex 14.
Unknown command.
* * * LOW HITPOINT WARNING * * *
You feel sick.
Things that are here:
a +0 short sword; 5 poisoned darts; a water moccasin corpse
d - 5 poisoned darts You feel a strong urge to attack something.
* * * LOW HITPOINT WARNING * * *
You feel sick.
You are no longer berserk.
You are exhausted.
You feel yourself slow down.
You die...

##.# # ##..# #<#
#.#.# #.# #+ ##.##
#.# #. #.# #.# #.
#.# ... . #.# #.#
### #.. #.. #.#
8..8#.. ########.#
.......####@.).....#
.>..........########
8..8#.####### # #


There were no monsters in sight!

Vanquished Creatures
  A water moccasin (D:3)
  3 adders (D:2)
  A worm (D:2)
  2 dart slugs
  4 bats
  3 endoplasms
  5 goblins
  2 hobgoblins (D:1)
  4 jackals (D:1)
  A quokka (D:2)
  2 frilled lizards (D:2)
  4 kobolds
  5 rats
37 creatures vanquished.

Notes
Turn   | Place    | Note
-------+----------+-------------------------------------------
     0 | Abyss:1  | Hector the Deep Elf Abyssal Knight began the quest for the
                  | Orb.
     0 | Abyss:1  | Reached XP level 1. HP: 13/13 MP: 4/4
     4 | D:1      | Escaped the Abyss
   122 | D:1      | Reached skill level 1 in Spellcasting
   134 | D:1      | Reached XP level 2. HP: 10/18 MP: 5/5
  1255 | D:1      | Reached skill level 3 in Short Blades
  1444 | D:2      | Reached XP level 3. HP: 21/22 MP: 7/7
  2581 | D:3      | Reached XP level 4. HP: 27/27 MP: 9/9
  2688 | D:3      | Noticed a water moccasin
  2711 | D:3      | Killed a water moccasin
  2712 | D:3      | Reached skill level 5 in Short Blades
  2712 | D:3      | Reached XP level 5. HP: 10/31 MP: 9/11
  2721 | D:3      | Succumbed to a water moccasin's poison

Illustrated notes

Levels and vault maps discovered:
D:1:      wheals_arrival_shading, layout_basic
D:2:      layout_basic
D:3:      layout_loops_corners, shapermc_ecumenical_altar_notcrosses,
          st_stairs_6, minmay_diced_spiral

Skill      XL: |  1  2  3  4 |
---------------+-------------+-----
Spellcasting   | 1 2 |  2.7
Short Blades   | 3 5 |  5.0
Fighting       | |  2.4
Armour         | |  0.7
Dodging        | |  2.4
Invocations    | |  2.0

Action                   |  1- 3 |  4- 6 || total
-------------------------+-------+-------++-------
Melee: Short sword       |   106 |    16 ||   122
 Fire: Hunting sling     |     5 |     2 ||     7
  Use: Potion            |       |     6 ||     6
 Stab: Sleeping          |     1 |       ||     1
Armor: Leather armour    |    23 |    10 ||    33
Dodge: Dodged            |    46 |    13 ||    59

Table legend: (Time is in decaauts)
 A = Elapsed time spent in this place.
 B = Non-inter-level travel time spent in this place.
 C = Inter-level travel time spent in this place.
 D = Time resting spent in this place.
 E = Time spent auto-exploring this place.
 F = Levels seen in this place.
 G = Mean time per level.
                   A        B        C        D        E       F      G
               +--------+--------+--------+--------+--------+-----+--------+
         Total |   2714 |   2499 |    215 |    355 |   1750 |   4 |  678.5 |
       Dungeon |   2710 |   2495 |    215 |    355 |   1750 |   3 |  903.3 |
         Abyss |      4 |      4 |      0 |      0 |      0 |   1 |    4.0 |
               +--------+--------+--------+--------+--------+-----+--------+

Top non-repeatable levels by time:
     D:1: 1384 daAuts
     D:2: 1161 daAuts
     D:3: 164 daAuts
 Abyss:1: 4 daAuts
